 Dungeon Crawl Stone Soup version 0.30-a0-297-g0ec75d9ef4 (webtiles) character file.

Game seed: 6696881580616555332

190 domi the Conjurer (level 5, -3/35 HPs)
             Began as a Demonspawn Hedge Wizard on Oct 19, 2022.
             Slain by an orc
             ... wielding a +0 club
              (5 damage)
             ... on level 3 of the Dungeon.
             The game lasted 00:07:45 (3826 turns).

domi the Conjurer (Demonspawn Hedge Wizard)         Turns: 3826, Time: 00:07:46

Health: -3/35      AC:  2    Str: 10    XL:     5   Next: 41%
Magic:  3/9        EV: 12    Int: 18    God:
Gold:   155        SH:  0    Dex: 12    Spells: 3/10 levels left

rFire   . . .      SeeInvis .    p - +2 whip (flame)
rCold   . . .      Faith    .    (no shield)
rNeg    . . .      Spirit   .    b - +0 robe
rPois   .          Reflect  .    c - +0 hat
rElec   .          Harm     .    (no cloak)
rCorr   .          Rampage  .    (no gloves)
Will    .....                    (no boots)
Stlth   ++........               (no amulet)
HPRegen 0.25/turn                (no ring)
MPRegen 0.11/turn                (no ring)

@: no status effects
A: demonic magic 2
a: no special abilities


You were on level 3 of the Dungeon.
You visited 1 branch of the dungeon, and saw 4 of its levels.

You collected 155 gold pieces.

Inventory:

Hand Weapons
 a - a +0 dagger
 p - a +2 whip of flaming (weapon)
   (You took it off an orc on level 3 of the Dungeon)
Armour
 b - a +0 robe (worn)
 c - a +0 hat (worn)
 i - the +1 leather armour of Funotsui {MP+9}
   (You found it on level 2 of the Dungeon)

   MP:        It affects your magic capacity (+9).
Jewellery
 m - a +6 ring of dexterity
   (You found it on level 2 of the Dungeon)
Scrolls
 e - 2 scrolls of butterflies {unknown}
 j - 2 scrolls of amnesia {unknown}
 k - 4 scrolls of identify {unknown}
 l - 3 scrolls of noise {unknown}
 o - a scroll of enchant weapon {unknown}
Potions
 d - a potion of magic
 h - 2 potions of degeneration {unknown}
 n - a potion of haste {unknown}


   Skills:
 - Level 1.7 Dodging
 - Level 1.7 Stealth
 - Level 3.0 Spellcasting
 - Level 5.0 Conjurations
 + Level 2.1 Summonings
 - Level 0.8 Translocations


You had 3 spell levels left.
You knew the following spells:

 Your Spells              Type           Power      Damage    Failure   Level
b - Blink                 Tloc           10%        N/A       17%         2
x - Call Imp              Summ           10%        N/A       11%         2
y - Cigotuvi's Dreadful   Necr/Pois/Air  4%         N/A       24%         2
z - Magic Dart            Conj           80%        1d7       1%          1

Your spell library contained the following spells:

 Spells                   Type           Power      Damage    Failure   Level
 Slow                     Hex            8%         N/A       16%         1
 Mephitic Cloud           Conj/Pois/Air  8%         N/A       24%         3
 Dispel Undead            Necr           2%         3d7       85%         4
 Death Channel            Necr           1%         N/A       100%        6


Dungeon Overview and Level Annotations

Branches:
Dungeon (4/15)
 Temple: D:4-7

Altars:

Shops:
D:2 [=[


Innate Abilities, Weirdness & Mutations

Spells you cast may paralyse nearby enemies.


Message History

The orc priest mumbles some strange prayers to Beogh against you.
Beogh smites you!
* * * LOW HITPOINT WARNING * * *
The orc closely misses you. The orc hits you with a +0 club.
* * * LOW HITPOINT WARNING * * *
The jackal bites you.
* * * LOW HITPOINT WARNING * * *
You take 11 damage, and have 2/35 hp.
MASSIVE DAMAGE!!
It was a potion of curing.
You feel better. The jackal bites you.
* * * LOW HITPOINT WARNING * * *
The orc closely misses you. The orc priest closely misses you.
The orc barely misses you. The orc hits you but does no damage.
You regained 7 hp, and now have 9/35 hp.
The jackal completely misses you. The orc priest misses you.
The orc hits you with a +0 club.
* * * LOW HITPOINT WARNING * * *
The orc hits you with a +0 club.
* * * LOW HITPOINT WARNING * * *
The orc barely misses you. The jackal barely misses you.
You climb upwards.
There is a stone staircase leading down here.
You take 6 damage, and have 3/35 hp.
You feel better. The orc priest hits you with a +0 mace!
* * * LOW HITPOINT WARNING * * *
The orc closely misses you. The jackal closely misses you.
The orc closely misses you. x2
You take 2 damage, and have 1/35 hp.
It was a potion of heal wounds.
You feel much better.
The jackal bites you but does no damage.
The orc hits you with a +0 whip. The orc closely misses you.
The orc priest calls upon Beogh to heal the orc.
The orc's wounds heal themselves!
The orc completely misses you.
You regained 17 hp, and now have 18/35 hp.
A beastly little devil appears in a puff of flame.
Malevolent energies surge around you.
The orc suddenly stops moving!
The jackal suddenly stops moving!
The orc priest suddenly stops moving!
The orc suddenly stops moving!
The orc closely misses you.
You now have 4/9 mp.
The helpless orc fails to defend itself.
You hit the orc. You burn the orc.
You kill the orc!
The orc hits you with a +0 club.
Your crimson imp hits the jackal.
You take 3 damage, and have 16/35 hp.
The helpless orc priest fails to defend itself.
You hit the orc priest. You burn the orc priest. The orc closely misses you.
Your crimson imp hits the jackal but does no damage.
The helpless orc priest fails to defend itself.
You hit the orc priest but do no damage.
The orc hits you with a +0 club.
Your crimson imp blinks!
You take 5 damage, and have 11/35 hp.
The helpless orc priest fails to defend itself.
You hit the orc priest but do no damage.
The orc is no longer paralysed.
The jackal is no longer paralysed.
The jackal bites you.
* * * LOW HITPOINT WARNING * * *
The orc closely misses you. The orc barely misses you.
Your crimson imp blinks!
The jackal closely misses you.
You take 1 damage, and have 10/35 hp.
The helpless orc priest fails to defend itself.
You hit the orc priest. You burn the orc priest.
The orc priest is no longer paralysed.
The orc priest closely misses you. The orc hits you with a +0 club.
* * * LOW HITPOINT WARNING * * *
The orc hits you with a +0 club.
* * * LOW HITPOINT WARNING * * *
The jackal misses you. The orc hits you with a +0 club.
* * * LOW HITPOINT WARNING * * *
The orc priest misses you. The orc misses you.
You take 8 damage, and have 2/35 hp.
MASSIVE DAMAGE!!
You hit the orc priest. You burn the orc priest. The jackal misses you.
Your crimson imp blinks!
The jackal closely misses you. The orc barely misses you.
The orc priest closely misses you. The orc closely misses you.
Unknown command.
You feel better. The jackal bites you.
* * * LOW HITPOINT WARNING * * *
Your crimson imp blinks!
The orc barely misses you. The orc hits you with a +0 club.
* * * LOW HITPOINT WARNING * * *
The orc priest barely misses you.
You regained 3 hp, and now have 5/35 hp.
Aim: an orc priest, wielding a +0 mace and wearing a +0 leather armour (severely wounded, 100% to hit)
The magic dart hits the orc priest.
You kill the orc priest!
Malevolent energies surge around you.
The orc suddenly stops moving!
The jackal bites you.
* * * LOW HITPOINT WARNING * * *
The orc hits you with a +0 club.
* * * LOW HITPOINT WARNING * * *
The jackal closely misses you.
Your Summonings skill increases to level 2!
You take 3 damage, and have 2/35 hp.
You now have 4/9 mp.
Aim: an orc, wielding a +0 club and wearing a +0 scale mail (paralysed, 100% to hit)
The magic dart hits the orc.
Malevolent energies surge around you. The jackal closely misses you.
The orc hits you with a +0 club.
You die...

############### #.#########
#######...##........###.#.......#
#....##...##............#.......#
#....##...##.....(...##.........#
#....##...##.....5.#.##...#..)..#
#....##............#.##...##.####
#....##......................# #
#...............)).......#.#.####
#...............@o...............
#..............o.h.#...##..#.....
###..........................[...
###..........###.......###.#.....
#............######.....††.......
#..............................#.
#............#............#......
#........#####..~~........##.†...
#........# ##.~..~.......##...#.


You could see 2 orcs, a jackal (ally target) and a friendly crimson imp
(summoned).

Vanquished Creatures
  An orc priest (D:3)
  4 adders
  3 gnolls
  2 worms (D:3)
  5 dart slugs
  7 orcs
  11 bats
  3 endoplasms (D:1)
  A giant cockroach (D:2)
  4 goblins
  3 hobgoblins
  2 jackals (D:4)
  5 kobolds
  4 quokkas
  7 ball pythons
  6 frilled lizards
  7 rats
75 creatures vanquished.

Notes
Turn   | Place    | Note
-------+----------+-------------------------------------------
     0 | D:1      | domi the Demonspawn Hedge Wizard began the quest for the
                  | Orb.
     0 | D:1      | Reached XP level 1. HP: 13/13 MP: 4/4
   128 | D:1      | Reached skill level 2 in Conjurations
   186 | D:1      | Gained mutation: Spells you cast may paralyse adjacent
                  | enemies. [demonic ancestry]
   186 | D:1      | Reached XP level 2. HP: 14/19 MP: 1/6
   812 | D:1      | Reached skill level 3 in Conjurations
   835 | D:1      | Learned a level 2 spell: Call Imp
   838 | D:1      | Learned a level 2 spell: Blink
   841 | D:1      | Learned a level 2 spell: Cigotuvi's Dreadful Rot
   848 | D:1      | Reached XP level 3. HP: 22/22 MP: 0/7
  1659 | D:2      | Found Boilopux's Antique Armour Emporium.
  1685 | D:2      | Reached XP level 4. HP: 30/30 MP: 6/8
  1773 | D:2      | Found Ilurea's Jewellery Boutique.
  1799 | D:2      | Reached skill level 4 in Conjurations
  1822 | D:2      | Found Ukloaton's Armour Boutique.
  1999 | D:2      | Identified the +1 leather armour of Funotsui {MP+9}
  3352 | D:3      | Gained mutation: Spells you cast may paralyse nearby
                  | enemies. [demonic ancestry]
  3352 | D:3      | Reached XP level 5. HP: 35/35 MP: 7/9
  3488 | D:3      | Reached skill level 5 in Conjurations
  3811 | D:4      | HP: 6/35 [orc priest/divine providence (7)]
  3811 | D:4      | HP: 2/35 [jackal (2)]
  3822 | D:3      | HP: 7/35 [orc/+0 club (3)]
  3822 | D:3      | HP: 2/35 [orc/+0 club (2)]
  3826 | D:3      | Reached skill level 2 in Summonings
  3826 | D:3      | Slain by an orc

Illustrated notes

Levels and vault maps discovered:
D:1:      saegor_arrival_miasma, layout_basic
D:2:      layout_basic, serial_shops, nicolae_shop_crystal,
          nicolae_shop_hallway_stairs, shop, roderic_lattice_a
D:3:      cheibrodos_helix_gallery, layout_basic,
          minmay_fractal_squares_diagonal_5
D:4:      layout_loops_ring, bloody_makhleb, nicolae_qazlal_style_of_elements,
          nrook_campfire

Skill      XL: |  1  2  3  4  5 |
---------------+----------------+-----
Conjurations   | 2 3 4 5 |  5.0
Summonings     | 2 |  2.1
Dodging        | |  1.7
Stealth        | |  1.7
Spellcasting   | |  3.0
Translocations | |  0.8

Action                   |  1- 3 |  4- 6 || total
-------------------------+-------+-------++-------
Melee: Dagger            |    47 |    10 ||    57
       Whip              |       |    11 ||    11
 Cast: Magic Dart        |    73 |    89 ||   162
       Cigotuvi's Dreadf |     1 |       ||     1
       Call Imp          |       |     1 ||     1
  Use: Potion            |       |     4 ||     4
 Stab: Paralysed         |     5 |    16 ||    21
       Sleeping          |     1 |       ||     1
Armor: Robe              |    22 |     5 ||    27
Dodge: Dodged            |    50 |    53 ||   103

Table legend: (Time is in decaauts)
 A = Elapsed time spent in this place.
 B = Non-inter-level travel time spent in this place.
 C = Inter-level travel time spent in this place.
 D = Time resting spent in this place.
 E = Time spent auto-exploring this place.
 F = Levels seen in this place.
 G = Mean time per level.
                   A        B        C        D        E       F      G
               +--------+--------+--------+--------+--------+-----+--------+
         Total |   3828 |   3718 |    110 |    285 |   2940 |   4 |  957.0 |
       Dungeon |   3828 |   3718 |    110 |    285 |   2940 |   4 |  957.0 |
               +--------+--------+--------+--------+--------+-----+--------+

Top non-repeatable levels by time:
     D:1: 1539 daAuts
     D:3: 1141 daAuts
     D:2: 1136 daAuts
     D:4: 12 daAuts

Table legend:
 A = Kills in this place as a percentage of kills in entire the game.
 B = Kills by you in this place as a percentage of kills by you in the entire game.
 C = Kills by friends in this place as a percentage of kills by friends in the entire game.
 D = Other kills in this place as a percentage of other kills in the entire game.
 E = Experience gained in this place as a percentage of experience gained in the entire game.
 F = Experience gained in this place divided by the number of levels of this place that you have seen.
                   A       B       C       D       E      F
               +-------+-------+-------+-------+-------+----------------------
         Total | 100.0 | 100.0 |   N/A |   N/A | 100.0 |  68.0
       Dungeon | 100.0 | 100.0 |   N/A |   N/A | 100.0 |  68.0
               +-------+-------+-------+-------+-------+----------------------
